Map: Catalyst LE

Players

iGXY (XY)

  • Race: Terran Terran
  • Spawn Location: 5:00

Lambo - Winner!

  • Race: Zerg Zerg
  • Spawn Location: 11:00

Event: WCS Leipzig 2018

VOD

Have the link to the VOD?

Description

Time

  • Played on: Jan. 26, 2018, 12:20 p.m.
  • Length: 15:46

All games in this series

Show
View Real Time Build Order
Export as new Build Order

iGXY Terran 

Build Orders: Liberator Opening, Reaper Expand, Mech 

Get SALT Encoding   

  12  0:00  SCV  
  13  0:12  SCV  
  14  0:17  Supply Depot  
  14  0:24  SCV  
  15  0:38  SCV  
  15  0:39  Barracks  
  16  0:43  Refinery  
  16  0:50  SCV  
  17  1:03  SCV  
  18  1:15  SCV  
  19  1:26  Reaper  
  19  1:27  Orbital Command  
  20  1:40  Command Center  
  20  1:50  Supply Depot  
  20  1:52  SCV  
  21  1:58  Marine  
  22  2:04  SCV  
  23  2:14  Factory  
  23  2:16  SCV  
  23  2:18  Refinery  
  23  2:20  Barracks Reactor  
  24  2:28  SCV  
  25  2:41  SCV  
  26  2:53  SCV, Orbital Command  
  27  3:01  Starport  
  27  3:04  Hellion x2  
  27  3:05  SCV  
  32  3:07  Barracks Tech Lab  
  32  3:17  SCV  
  32  3:18  SCV  
  34  3:22  Supply Depot  
  34  3:26  Hellion  
  34  3:27  Hellion  
  38  3:29  SCV  
  38  3:31  SCV  
  40  3:37  Supply Depot  
  40  3:41  SCV  
  40  3:43  SCV, Viking  
  44  3:53  SCV  
  44  3:55  SCV, Hellion x2  
  50  3:58  Liberator  
  50  4:05  SCV  
  50  4:07  SCV  
  50  4:08  Armory  
  55  4:17  SCV  
  55  4:19  SCV  
  57  4:26  Command Center  
  57  4:29  SCV  
  58  4:31  SCV  
  58  4:32  Refinery  
  58  4:33  Refinery  
  59  4:41  Supply Depot  
  59  4:42  SCV  
  59  4:43  SCV  
  59  4:44  Supply Depot  
  61  4:54  SCV  
  61  4:58  Armory  
  62  5:03  SCV  
  62  5:04  Hellion  
  62  5:05  Hellion  
  62  5:06  SCV  
  68  5:09  Factory  
  68  5:11  Starport Reactor  
  68  5:15  SCV  
  68  5:18  SCV  
  70  5:23  Factory  
  70  5:26  Hellion x2  
  70  5:27  SCV  
  70  5:28  Supply Depot  
  75  5:30  SCV, Terran Vehicle Weapons Level 1  
  76  5:39  SCV  
  76  5:42  SCV  
  74  5:45  SCV  
  74  5:47  Hellion x2  
  74  5:49  Medivac x2  
  79  5:51  Supply Depot, Terran Vehicle And Ship Armor Level 1  
  79  5:58  SCV, Factory Tech Lab, Orbital Command  
  80  6:05  SCV  
  80  6:11  Thor  
  81  6:14  Refinery  
  81  6:17  Refinery  
  84  6:19  SCV  
  84  6:21  Thor  
  84  6:22  SCV  
  86  6:28  Hellion x2  
  86  6:32  Orbital Command  
  88  6:33  SCV  
  88  6:35  SCV  
  88  6:48  Infernal Pre-Igniter  
  88  6:50  SCV x2, Hellion  
  92  6:54  Supply Depot  
  92  6:55  Hellion x2  
  92  7:01  Siege Tank  
  95  7:02  SCV  
  95  7:03  SCV, Factory x2  
  95  7:04  SCV  
  98  7:11  Hellion x2, Siege Tank  
  98  7:14  SCV  
  98  7:15  SCV  
  107  7:16  SCV  
  107  7:18  Supply Depot  
  107  7:19  Smart Servos  
  108  7:27  SCV x2  
  108  7:29  Terran Vehicle Weapons Level 2  
  110  7:33  Hellion x3  
  116  7:43  Siege Tank  
  119  7:50  Terran Vehicle And Ship Armor Level 2  
  119  7:54  Hellion  
  119  7:55  Hellion x2  
  119  7:57  Command Center  
  125  7:58  Supply Depot  
  125  7:59  Supply Depot  
  125  8:07  Supply Depot  
  125  8:08  Supply Depot  
  125  8:20  Hellion x2, Siege Tank  
  125  8:21  Siege Tank  
  125  8:23  Hellion  
  125  8:25  Hellion  
  125  8:42  Hellion x2  
  125  8:45  Hellion  
  125  8:46  Hellion  
  119  8:52  Siege Tank  
  119  8:53  Siege Tank  
  104  8:58  Viking x2  
  108  9:03  Hellion x2  
  108  9:07  Supply Depot  
  116  9:12  Supply Depot  
  116  9:13  Engineering Bay  
  116  9:19  Factory Tech Lab, Factory Reactor  
  112  9:24  Hellion x2, Command Center, Siege Tank  
  112  9:25  Siege Tank  
  122  9:33  SCV x3  
  125  9:39  Siege Tank  
  125  9:42  Planetary Fortress  
  128  9:46  Hellion x2  
  128  9:51  Refinery  
  132  9:56  Siege Tank  
  132  9:57  Viking, Siege Tank  
  132  9:58  Viking  
  142  10:05  Supply Depot x2  
  142  10:07  Hellion x2  
  142  10:09  Terran Vehicle Weapons Level 3  
  142  10:10  Hellion  
  142  10:11  Siege Tank  
  143  10:21  Terran Vehicle And Ship Armor Level 3  
  143  10:23  Hellion  
  143  10:26  Refinery  
  145  10:28  Siege Tank  
  145  10:29  Hellion x2  
  145  10:30  Viking x2  
  145  10:34  Siege Tank  
  159  10:36  Hellion  
  159  10:41  Hellion x2  
  161  10:44  Hellion, Refinery  
  163  10:54  Refinery  
  163  10:55  Missile Turret  
  163  10:56  Hellion x2  
  163  11:00  Viking x2, Siege Tank  
  170  11:04  Hellion x2  
  170  11:05  Siege Tank  
  170  11:06  Planetary Fortress  
  170  11:07  Hellion  
  179  11:17  Hellion  
  150  11:27  Hellion  
  150  11:28  Hellion, Siege Tank  
  150  11:31  Hellion  
  137  11:33  Siege Tank  
  137  11:36  SCV x3  
  137  11:37  Siege Tank  
  137  11:38  Viking  
  148  11:40  Viking  
  146  11:48  SCV  
  146  11:53  Hellion  
  146  11:54  Hellion  
  151  12:00  Siege Tank  
  154  12:05  Siege Tank  
  154  12:08  Viking  
  159  12:09  SCV x3  
  159  12:10  Viking  
  159  12:11  SCV  
  159  12:12  Siege Tank  
  168  12:19  Hellion  
  168  12:21  SCV  
  175  12:23  Hellion x2, SCV  
  176  12:35  Factory  
  176  12:36  Factory  
  179  12:42  Hellion  
  179  12:43  Hellion  
  186  12:50  Viking  
  189  12:52  Thor x2  
  189  12:54  Thor  
  189  12:56  Cyclone  
  187  13:05  Viking  
  172  13:10  Cyclone  
  162  13:20  Viking  
  162  13:22  Factory Tech Lab, Factory Reactor  
  160  13:31  SCV x2  
  158  13:35  Viking  
  158  13:40  Rapid Fire Launchers  
  158  13:41  Cyclone x2, Thor  
  166  13:42  Starport  
  166  13:43  Starport  
  167  13:53  Thor  
  167  13:55  Thor  
  155  14:03  Thor  
  155  14:05  Hellion  
  152  14:24  Thor  
  136  14:36  Thor  
  136  14:37  Thor  
  136  14:39  Cyclone x3  
  136  14:45  Viking x2  
  142  15:01  Thor  
Show
View Real Time Build Order
Export as new Build Order

Lambo Zerg - Winner!

Build Orders: Hatch First, Brood Lord Corruptor 

Get SALT Encoding   

  12  0:00  Drone  
  13  0:12  Overlord  
  13  0:16  Drone  
  14  0:30  Drone x2  
  14  0:35  Drone  
  17  0:52  Hatchery  
  17  0:55  Drone  
  17  0:57  Drone  
  18  1:09  Extractor  
  17  1:13  Spawning Pool  
  17  1:16  Drone  
  17  1:19  Drone  
  18  1:29  Drone  
  19  1:39  Overlord  
  19  1:49  Drone  
  20  2:00  Queen  
  20  2:01  Zergling x2  
  23  2:04  Zergling x2, Queen  
  26  2:13  Drone  
  27  2:16  Drone  
  28  2:25  Hatchery  
  28  2:28  Drone  
  28  2:30  Drone  
  28  2:35  Metabolic Boost  
  29  2:39  Drone  
  30  2:47  Queen  
  30  2:49  Drone  
  33  2:54  Overlord  
  33  2:56  Drone  
  34  3:00  Drone  
  34  3:04  Drone  
  36  3:13  Drone x3  
  36  3:14  Overlord  
  36  3:18  Drone  
  40  3:22  Queen  
  40  3:23  Drone  
  43  3:30  Drone  
  43  3:32  Queen  
  46  3:34  Drone x2  
  46  3:39  Drone  
  49  3:43  Drone x2  
  49  3:47  Overlord  
  51  3:49  Zergling x6  
  51  3:55  Zergling x2  
  55  3:57  Zergling x2  
  55  3:58  Queen  
  58  4:04  Queen  
  58  4:05  Drone  
  58  4:08  Drone x2  
  63  4:15  Overlord  
  63  4:18  Overlord  
  63  4:20  Drone x2  
  63  4:23  Baneling Nest  
  64  4:24  Lair  
  64  4:28  Overlord  
  64  4:29  Overlord  
  63  4:36  Overlord  
  63  4:40  Drone x4  
  63  4:41  Drone  
  63  4:44  Drone x3  
  71  4:51  Drone x5  
  75  4:56  Drone x3  
  78  5:03  Spore Crawler  
  78  5:05  Spore Crawler x2  
  75  5:07  Drone x2  
  75  5:10  Drone x2, Evolution Chamber  
  75  5:12  Overlord, Evolution Chamber  
  78  5:14  Drone  
  78  5:17  Extractor  
  78  5:18  Extractor x2  
  78  5:19  Drone  
  78  5:20  Drone x2  
  78  5:22  Centrifical Hooks  
  78  5:27  Drone x3  
  81  5:31  Extractor  
  81  5:32  Extractor  
  79  5:35  Drone  
  79  5:36  Drone  
  79  5:40  Drone, Overlord  
  79  5:42  Hatchery  
  81  5:44  Baneling x3  
  81  5:46  Zergling x8  
  83  5:58  Overlord  
  83  6:01  Overlord  
  83  6:03  Drone x4  
  83  6:04  Drone x3  
  90  6:08  Zerg Ground Armor Level 1  
  90  6:10  Overlord  
  89  6:15  Overlord  
  89  6:18  Baneling  
  87  6:19  Zergling x8  
  87  6:24  Zergling x4  
  89  6:29  Drone x3  
  89  6:31  Drone x2  
  90  6:34  Drone  
  91  6:41  Drone x2  
  91  6:45  Hydralisk Den  
  91  6:46  Drone  
  91  6:47  Drone x2  
  95  6:49  Queen  
  97  6:55  Zerg Missile Weapons Level 1  
  97  6:57  Overlord  
  97  7:03  Zergling x2  
  97  7:04  Drone  
  97  7:05  Drone x2, Extractor  
  97  7:08  Drone x4, Infestation Pit  
  103  7:09  Queen  
  103  7:11  Extractor  
  104  7:18  Zergling x2  
  104  7:19  Zergling x12  
  104  7:21  Muscular Augments  
  110  7:23  Hydralisk x4  
  110  7:25  Baneling x2  
  118  7:30  Hydralisk x3  
  124  7:39  Hydralisk  
  124  7:40  Zergling x2  
  124  7:43  Hydralisk  
  127  7:45  Overlord  
  127  7:48  Overlord  
  127  7:49  Overlord  
  127  7:51  Hive  
  127  8:03  Queen x3  
  133  8:06  Overlord  
  133  8:07  Overlord  
  133  8:08  Hydralisk x2, Overlord  
  133  8:09  Hydralisk x3  
  142  8:14  Hydralisk x2  
  142  8:15  Hydralisk x2  
  142  8:18  Zergling x2  
  151  8:21  Baneling x7  
  151  8:22  Zergling x2  
  151  8:23  Overlord  
  151  8:25  Overlord  
  151  8:26  Overlord  
  151  8:28  Overlord  
  151  8:29  Hydralisk x3  
  151  8:31  Zergling x6, Hydralisk  
  151  8:34  Zergling x4, Hydralisk  
  151  8:40  Zergling x2, Hydralisk x2  
  151  8:44  Zergling x2  
  151  8:45  Hydralisk  
  151  8:48  Hydralisk x2  
  134  8:54  Queen  
  133  9:05  Zerg Missile Weapons Level 2  
  133  9:09  Spire  
  132  9:10  Hydralisk x3  
  132  9:12  Hatchery, Zergling x12  
  143  9:20  Viper  
  143  9:23  Queen x3  
  152  9:26  Viper, Evolution Chamber  
  152  9:28  Overlord  
  152  9:29  Overlord  
  154  9:35  Viper  
  157  9:40  Drone x5  
  157  9:41  Queen  
  157  9:45  Overseer  
  164  9:48  Zerg Ground Armor Level 2  
  164  9:52  Zergling x4, Hydralisk  
  166  9:53  Zergling x4  
  168  10:05  Extractor  
  167  10:07  Queen x2  
  167  10:08  Extractor, Queen  
  167  10:09  Overseer  
  172  10:21  Hydralisk x4  
  164  10:22  Hydralisk  
  164  10:23  Hydralisk x4  
  164  10:25  Greater Spire  
  182  10:29  Drone x3  
  182  10:30  Drone  
  182  10:34  Spine Crawler  
  185  10:38  Hydralisk x3  
  185  10:42  Baneling x5  
  191  10:43  Spine Crawler  
  191  10:44  Hydralisk  
  191  10:59  Hydralisk x4, Evolution Chamber x2  
  191  11:00  Evolution Chamber  
  196  11:04  Baneling x2  
  196  11:05  Baneling x2  
  196  11:12  Hydralisk  
  196  11:17  Overlord  
  192  11:22  Hydralisk  
  170  11:29  Corruptor x4  
  170  11:32  Corruptor x4  
  136  11:46  Queen  
  136  11:47  Queen  
  138  12:04  Brood Lord x2  
  138  12:05  Brood Lord  
  138  12:06  Queen x2, Brood Lord x2  
  152  12:10  Brood Lord  
  152  12:14  Brood Lord x2  
  156  12:16  Corruptor  
  156  12:19  Corruptor  
  158  12:28  Corruptor x2  
  162  12:31  Corruptor  
  162  12:34  Corruptor  
  166  12:40  Overlord  
  166  12:41  Overlord x2  
  166  12:43  Spine Crawler  
  166  12:44  Corruptor  
  162  12:58  Corruptor x2  
  162  12:59  Corruptor x2  
  162  13:06  Corruptor x2  
  166  13:14  Hydralisk x3  
  168  13:25  Brood Lord  
  170  13:29  Queen x3  
  172  13:37  Brood Lord  
  172  13:38  Corruptor x2  
  178  13:44  Hatchery  
  178  13:45  Corruptor x2  
  181  13:53  Hydralisk  
  181  13:54  Hydralisk x3  
  183  14:03  Corruptor x2  
  183  14:06  Overlord  
  183  14:08  Drone x2  
  189  14:11  Queen  
  189  14:12  Queen  
  191  14:22  Hydralisk x4  
  187  14:26  Hydralisk x2  
  169  14:35  Hydralisk x5  
  163  14:39  Brood Lord  
  163  14:41  Hydralisk  
  167  14:46  Brood Lord  
  167  14:51  Hydralisk x2  
  173  14:56  Hydralisk x3  
  179  15:02  Hydralisk x2  
  183  15:08  Brood Lord  
  183  15:11  Zergling x14  
  192  15:15  Brood Lord  
Tags
 
Add a new tag
Caveats
  • Supply blocks, unpowered buildings, or Contaminate may cause inaccurate times.
  • Supply counts are checked every 10 seconds.